Cogmind - Beta 17.1 @@@ ROGUE MODE // 2026.08.29 @ 13:17:41 Player: Lazz Result: Destroyed by H-88 Terminator with KE Penetrator Performance ------------- Evolutions (8) 4000 Regions Visited (18) 3600 Robots Destroyed (170) 850 Value Destroyed (6558) 6558 Prototype IDs (30) 600 Alien Tech Used (0) 0 Bonus (5014) 5014 TOTAL SCORE: 20622 Bonus ------- High Alert Combat Kills 349 Follower Combat Kills 1372 Entered DSFs 500 Met Data Miner 300 Built Enhanced Grunts 300 Met R17 at Cetus 500 Met R17 at Research 2000 Friendly Fire -307 Cogmind --------- Core Integrity 0/1450 Matter 271/300 Energy 70/100 System Corruption 21% Temperature Cool (0) Movement Core (50) Location -2/Research Parts ------- > --- POWER (3) -------- (None) > --- PROPULSION (4) --- (None) > --- UTILITY (13) ----- Advanced Terrain Scan Processor > --- WEAPON (3) ------- (None) > --- INVENTORY (5) ---- Experimental Coolant Injector Wave Gun Long-range Proton Cannon Improved Potential Cannon Peak State ------------ > --- POWER ------------ Hybrid Fission Core Light Antimatter Reactor Light Quantum Reactor > --- PROPULSION ------- Armored Huge Wheel Armored Huge Wheel > --- UTILITY ---------- Advanced Cryofiber Web Experimental Coolant Injector Experimental Coolant Injector High-capacity Storage Unit Experimental Energy Well Enhanced Optical Array Advanced Terrain Scan Processor Quantum Capacitor Improved Thermal Shield Point Defense System Advanced Hacking Suite Improved System Shield > --- WEAPON ----------- Potential Cannon Spear > --- INVENTORY -------- Hybrid Fission Core Armored Huge Wheel Centrium Wheel Advanced Coolant Injector Experimental Coolant Injector Advanced Hacking Suite System Mapper System Restoration Module Tachyon Dispersion Ray Wave Gun Quantum Rifle Long-range Proton Cannon Long-range Phase Cannon Improved Potential Cannon Improved Plasma Cutter [Rating: 154] Favorites ----------- Power Hybrid Fission Core Engine Heavy Ion Engine Power Core Hybrid Fission Core Reactor Quantum Reactor Propulsion Armored Huge Wheel Treads Centrium Heavy Treads Leg Aluminum Leg Wheel Armored Huge Wheel Utility High-capacity Storage Unit Device Experimental Coolant Injector Storage High-capacity Storage Unit Processor Advanced Terrain Scan Processor Hackware System Shield Protection Hardened Medium Armor Plating Weapon Advanced Variable Charge Gun Energy Gun Advanced Variable Charge Gun Energy Cannon Potential Cannon Ballistic Gun Heavy Machine Gun Ballistic Cannon Enhanced Gauss Cannon Launcher YI-UF0's Doublenader Special Weapon Remote Datajack Piercing Weapon Spear Build | -11 -10 -9 -9 -8 -7 -7 -7 -7 -6 -6 -6 -6 -5 -4 -4 -3 -3 -2 ------- Run | Yrd Mat Mat Min Mat Fac Low Low Dat Pro Fac Ext Cet Fac Fac DSF Res Tes Res Slots Evolved 16 | . . 2 . 2 2 . . . . 2 . . 2 2 . 2 . 2 Power 2 | . . . . . 1 . . . . . . . . . . . . 1 Propulsion 2 | . . 1 . 1 . . . . . . . . . . . . . . Utility 11 | . . 1 . 1 1 . . . . 1 . . 2 2 . 2 . 1 Weapon 1 | . . . . . . . . . . 1 . . . . . . . . Parts Attached 133 | 7 2 5 9 7 4 1 2 . 4 11 9 7 9 5 13 13 8 17 Power 26 | 2 . 1 . 2 2 . 2 . . 2 4 1 2 1 2 1 . 4 Engine 10 | 2 . 1 . 1 1 . 2 . . . 2 . . 1 . . . . Core 11 | . . . . 1 1 . . . . 2 2 . 2 . 2 1 . . Reactor 5 | . . . . . . . . . . . . 1 . . . . . 4 Propulsion 24 | 2 . 1 4 2 . . . . 2 1 . 3 . . 6 1 . 2 Treads 6 | . . 1 . . . . . . . . . 3 . . 2 . . . Leg 8 | 2 . . 3 . . . . . . . . . . . 3 . . . Wheel 10 | . . . 1 2 . . . . 2 1 . . . . 1 1 . 2 Hover . | . . . . . . . . . . . . . . . . . . . Flight . | . . . . . . . . . . . . . . . . . . . Utility 48 | 1 1 3 . 3 1 . . . . 5 2 . 7 2 4 10 4 5 Device 23 | 1 . . . 1 . . . . . 3 2 . 5 . . 6 2 3 Storage 4 | . 1 . . . . . . . . . . . . . . 1 2 . Processor 3 | . . . . . . . . . . 1 . . . . 1 . . 1 Hackware 8 | . . . . . 1 . . . . 1 . . 1 1 . 3 . 1 Protection 10 | . . 3 . 2 . . . . . . . . 1 1 3 . . . Artifact . | . . . . . . . . . . . . . . . . . . . Weapon 35 | 2 1 . 5 . 1 1 . . 2 3 3 3 . 2 1 1 4 6 Energy Gun 14 | 1 . . 2 . . 1 . . 1 3 1 2 . 1 1 . 1 . Energy Cannon 7 | . . . . . . . . . . . . . . . . 1 3 3 Ballistic Gun 4 | 1 . . . . . . . . . . 2 1 . . . . . . Ballistic Cannon 1 | . . . . . . . . . . . . . . 1 . . . . Launcher 4 | . 1 . 2 . . . . . 1 . . . . . . . . . Special Weapon 1 | . . . 1 . . . . . . . . . . . . . . . Impact Weapon . | . . . . . . . . . . . . . . . . . . . Slashing Weapon . | . . . . . . . . . . . . . . . . . . . Piercing Weapon 4 | . . . . . 1 . . . . . . . . . . . . 3 Special Melee Weapon . | . . . . . . . . . . . . . . . . . . . Unidentified Prototypes 15 | . . . 1 . 1 . . . . 1 . 3 1 . . 1 4 3 Corrupted Parts 6 | . . . . . . . . . . . . 6 . . . . . . System Corruption 48 | . . . . . . . . . . . . 48 . . . . . . Parts Lost 71 | . 2 1 2 . . 1 1 . 12 1 1 3 7 . 9 . 2 29 Power 13 | . . . . . . . . . 2 . . 2 2 . 1 . . 6 Propulsion 12 | . . 1 1 . . . . . 3 . . . . . 3 . . 4 Utility 28 | . 1 . 1 . . . 1 . 3 . . . 1 . 5 . 2 14 Weapon 18 | . 1 . . . . 1 . . 4 1 1 1 4 . . . . 5 Highest Loss Streak 21 | . 2 1 2 . . 1 1 . 7 1 1 3 5 . 9 . 1 21 To Critical Strikes . | . . . . . . . . . . . . . . . . . . . Average Backups 14 | . 4 4 8 16 16 16 16 16 14 11 18 17 19 14 16 17 17 13 Power . | . . . . . 1 1 1 1 1 . . . 1 . . 2 1 . Propulsion 2 | . . . . 3 3 4 4 4 3 1 4 1 . . 1 3 2 1 Utility 7 | . . . 1 6 6 6 5 5 5 5 10 12 13 11 12 8 8 5 Weapon 3 | . 4 4 5 5 4 4 4 5 4 3 2 2 2 . . 1 3 4 Tool/Special . | . . . . . . . . . . . . . . . . . . . Unused Backups 26 | . . . 2 1 4 . 1 . . 1 3 4 1 . . 3 2 4 Power . | . . . . . . . . . . . . . . . . . . . Propulsion 5 | . . . . . . . . . . . . 4 . . . . 1 . Utility 11 | . . . . . 2 . . . . 1 2 . 1 . . 2 1 2 Weapon 8 | . . . 2 1 2 . 1 . . . 1 . . . . . . 1 Tool/Special 2 | . . . . . . . . . . . . . . . . 1 . 1 Average Slot Usage (%) 81 | . 94 83 84 80 83 84 83 84 50 68 85 83 86 83 82 87 84 75 Engine 4 | . 14 11 11 4 7 7 11 15 6 . 5 1 . 4 3 . . . Core 5 | . . . . 4 7 7 3 . . 8 6 5 4 5 6 9 9 6 Reactor 1 | . . . . . . . . . . . . 4 4 . . . . 3 Treads 2 | . . 4 9 . . . . . . . . 8 11 8 6 . . . Leg 2 | . 28 19 5 2 . . . . . . . . . . 1 . . . Wheel 8 | . . . 2 16 15 15 15 15 10 12 12 4 . . . 8 9 7 Device 11 | . 14 . . 7 7 7 7 7 3 12 13 13 12 20 19 22 18 24 Storage 6 | . 8 11 11 9 7 7 7 7 7 6 6 6 5 5 5 4 7 7 Processor 3 | . . . . . . . . . . 3 6 6 5 5 9 9 7 7 Hackware 7 | . . . . . 5 7 7 7 7 6 13 13 15 12 4 6 10 7 Protection 8 | . . 16 21 18 16 15 14 15 4 . . . 4 7 10 10 8 . Energy Gun 9 | . 4 10 14 16 14 7 7 7 4 11 13 16 10 4 6 9 2 . Ballistic Gun 2 | . 14 11 . . . . . . . . 5 . 4 . . . . . Launcher 1 | . 9 . 7 1 . 7 7 7 2 . . . . . . . . . Peak Build Rating 154 | 6 7 11 22 45 53 52 53 51 51 63 69 101 119 115 117 122 148 154 Average Rating 71 | 4 6 8 12 40 51 51 52 51 32 48 65 87 113 107 100 112 135 136 On Entrance 56 | . 6 5 10 21 45 52 51 51 51 17 63 69 101 84 99 92 117 138 Avg Prop Armor Cover (%) 9 | . . 4 10 . . . . . . . . . 11 . 7 . . . Naked Turns . | . . . . . . . . . . . . . . . . . . . Heaviest Build 114 | 9 50 58 58 75 85 82 82 71 71 72 75 86 99 94 98 94 104 114 Greatest Support 160 | 20 20 23 35 56 56 56 56 56 56 56 56 160 160 160 126 56 56 56 Greatest Overweight (x) 8 | . 2 2 5 2 1 1 1 1 1 1 1 1 . 1 3 1 1 8 Average Overweight (x) . | . . 2 3 1 1 1 1 1 . . 1 . . . . 1 1 . Largest Inventory Capacity 20 | 5 20 20 20 20 20 20 20 20 20 20 20 20 20 20 20 20 20 20 Average Capacity 19 | 5 14 20 20 20 20 20 20 20 20 20 20 20 20 20 20 20 20 18 Most Carried 20 | 2 5 6 14 20 20 20 20 19 19 20 20 20 20 19 20 20 20 19 Average Carried 15 | . 4 4 8 18 19 19 19 19 16 11 19 18 19 14 17 18 18 14 Final Capacity 20 | 5 20 20 20 20 20 20 20 20 20 20 20 20 20 20 20 20 20 5 Final Carried 20 | 1 5 6 12 20 20 19 19 19 14 19 20 19 20 16 20 20 19 5 Class Distribution -------------------- 43% | Mutant 11% | Hacker-Skirmisher 11% | Scavenger-Tank 10% | Hacker-Mutant 8% | Scavenger-Mutant 3% | Hacker-Assassin 3% | Hacker-Gunner Dominant Class ---------------- Mutant | -10/Materials Mutant | -9/Materials Mutant | -9/Mines Mutant | -8/Materials Mutant | -7/Factory Mutant | -7/Lower Caves Mutant | -7/Lower Caves Mutant | -7/Data Miner Mutant | -6/Proximity Caves Mutant | -6/Factory Hacker-Skirmisher | -6/Extension Scavenger-Skirmisher | -6/Cetus Scavenger-Tank | -5/Factory Scavenger-Mutant | -4/Factory Scavenger-Mutant | -4/DSF Hacker-Gunner | -3/Research Hacker-Mutant | -3/Testing Hacker-Assassin | -2/Research Resources | -11 -10 -9 -9 -8 -7 -7 -7 -7 -6 -6 -6 -6 -5 -4 -4 -3 -3 -2 ----------- Run | Yrd Mat Mat Min Mat Fac Low Low Dat Pro Fac Ext Cet Fac Fac DSF Res Tes Res Matter Collected 3249 | 253 177 138 140 295 85 289 270 . 46 361 290 111 210 . 129 259 72 124 Remotely . | . . . . . . . . . . . . . . . . . . . Salvage Created 6157 | 86 127 249 180 531 160 150 207 . 206 455 936 192 879 . 127 301 633 738 Parts 298 | 5 20 20 10 25 5 6 13 . 13 20 29 4 49 . 7 7 27 38 Haulers Intercepted 6 | . . . . 2 1 . . . . . . . . . . 2 . 1 Recyclers Shooed 5 | . . 1 . . . . . . . 1 1 . 2 . . . . . Parts Field Recycled . | . . . . . . . . . . . . . . . . . . . Retrieved Matter . | . . . . . . . . . . . . . . . . . . . Parts Self-Destructed 28 | . . . . . . 4 14 . 10 . . . . . . . . . Prevented 10 | . . . . . . 2 8 . . . . . . . . . . . Parts Restored . | . . . . . . . . . . . . . . . . . . . Kills | -11 -10 -9 -9 -8 -7 -7 -7 -7 -6 -6 -6 -6 -5 -4 -4 -3 -3 -2 ------- Run | Yrd Mat Mat Min Mat Fac Low Low Dat Pro Fac Ext Cet Fac Fac DSF Res Tes Res Combat Hostiles Destroyed 125 | . 8 4 5 12 2 11 11 . 8 3 9 3 17 . 2 1 11 18 Melee 1 | . . . . . . . . . . . . . . . . . . 1 Guns 50 | . 3 4 2 3 2 1 . . 1 3 9 3 17 . 1 1 . . Cannons 15 | . . . . . . . . . . . . . . . 1 . 4 10 AOE 55 | . 5 . 3 9 . 10 11 . 7 . . . . . . . 4 6 Classes Destroyed 15 | 2 4 2 . 1 1 . . . . 1 1 . 2 . 1 . . . Worker 12 | . . 1 . . . . . . . 8 . . 1 . . . 1 1 Builder 6 | . 1 . . 1 . . . . . . 1 . 1 . . . 2 . Tunneler 3 | 2 . . 1 . . . . . . . . . . . . . . . Hauler 6 | . . . . 2 1 . . . . . . . . . . 2 . 1 Recycler 6 | 1 . . . 3 . . . . . . 2 . . . . . . . Operator 3 | . . . . . . . . . . . 2 . . . . 1 . . Watcher 8 | . 2 . . 2 1 . . . . 2 1 . . . . . . . Swarmer 50 | . 6 . 3 7 . 7 8 . 5 . . . 3 . . . 3 8 Grunt 28 | . 2 . 1 4 . 3 1 . 2 2 2 . 5 . . . 2 4 Brawler 2 | . . . . . . . . . . 1 1 . . . . . . . Duelist 1 | . . . . . . . . . . . . . 1 . . . . . Sentry 23 | . . 4 . 1 1 1 1 . 1 1 6 . 1 . 1 . 3 2 Specialist 1 | . . . . . . . . . . . . . . . 1 . . . Hunter 7 | . . . . . 1 . 1 . . . . . 4 . . 1 . . Programmer 10 | . . . . . . . . . . . . . 3 . . . 3 4 Cetus Guard 3 | . . . . . . . . . . . . 3 . . . . . . Best Kill Streak 13 | 2 3 2 3 13 1 6 4 . 8 3 5 2 6 . 1 2 5 5 Combat Bots Only 8 | . 3 1 3 6 1 6 4 . 8 2 4 2 6 . 1 1 3 5 Max Kills in Single Turn 4 | 1 2 1 3 4 1 2 2 . 2 1 2 1 2 . 1 1 4 3 Gunslinging 1 | . . . . . . . . . . . . . 1 . . . . . Exploded 4 | . 2 . 3 4 . 2 2 . 2 . . . . . . . 3 2 Melee 1 | . . . . . . . . . . . . . . . . . . 1 Uniques/NPCs Destroyed 1 | . . . 1 . . . . . . . . . . . . . . . YI-UF0 (-9/Mines) Combat | -11 -10 -9 -9 -8 -7 -7 -7 -7 -6 -6 -6 -6 -5 -4 -4 -3 -3 -2 -------- Run | Yrd Mat Mat Min Mat Fac Low Low Dat Pro Fac Ext Cet Fac Fac DSF Res Tes Res Hostile Shots Fired 1261 | . 33 39 11 30 33 50 51 . 100 40 130 40 160 . 121 4 119 300 Missed 415 | . 11 8 5 13 12 18 16 . 37 15 50 18 48 . 26 2 52 84 Hits 846 | . 22 31 6 17 21 32 35 . 63 25 80 22 112 . 95 2 67 216 Melee 14 | . . . . . . . . . . . . . 4 . 10 . . . Projectile 832 | . 22 31 6 17 21 32 35 . 63 25 80 22 108 . 85 2 67 216 AOE 4 | . . . 4 . . . . . . . . . . . . . . . Critical Strikes 40 | . . 1 . . . 1 . . 1 2 1 3 7 . 11 . 3 10 Actively Blocked 1 | . . . . . . . . . . . . . . . 1 . . . Damage Taken 15531 | . 538 431 203 210 195 316 420 . 1233 286 752 586 2001 . 2511 104 1371 4374 Core 2893 | . 135 99 59 14 20 19 34 . 231 53 134 55 159 . 281 . 144 1456 Absorbed by Shields 1094 | . . . . . . . . . . . 134 136 275 . 271 . 130 148 Reduced by Siege Mode 10 | . . . . . . . . . . . . . 10 . . . . . Redirected to Shielding 103 | . . . . . . . . . . . . . . . 103 . . . Ignored by Resistances 149 | . . . . . . . . . . . . . . . . . . 149 Regen/Repaired (Parts) 327 | . . . . . . . . . . . 137 . . . . . . 190 Core Remaining (%) 75 | 100 46 . 60 97 . . . . 56 . . 71 84 . 75 . 88 . Volleys Fired 418 | 28 31 25 10 27 9 15 19 . 10 26 38 39 50 . 9 22 26 34 Largest 3 | 2 2 2 2 2 2 2 2 . 2 3 3 3 3 . 2 3 3 2 Hottest 480 | 60 50 60 155 155 155 150 139 . 155 166 193 245 480 . 272 237 268 225 Shots Fired 692 | 29 33 50 12 47 15 16 27 . 11 48 107 45 117 . 14 36 49 36 Gun 557 | 29 15 50 8 40 12 3 15 . 3 46 107 44 117 . 12 34 22 . Cannon 67 | . . . . . . . . . . . . . . . 2 2 27 36 Launcher 62 | . 18 . 1 7 2 13 12 . 8 1 . . . . . . . . Special 6 | . . . 3 . 1 . . . . 1 . 1 . . . . . . Kinetic 138 | 28 15 25 . . . . . . . . 32 . 36 . 2 . . . Thermal 390 | . . . 8 40 12 3 15 . 3 25 59 44 81 . 12 34 18 36 Explosive 62 | . 18 . 1 7 2 13 12 . 8 1 . . . . . . . . Electromagnetic 96 | 1 . 25 . . . . . . . 21 16 . . . . 2 31 . Robot Hit Streak 29 | 7 9 7 9 12 23 4 5 . 9 8 29 7 18 . 9 12 21 6 Robot Miss Streak 9 | 3 5 3 3 4 4 5 2 . 1 4 9 4 4 . 2 3 3 2 Penetration Max . | . . . . . . . . . . . . . . . . . . . Secondary Targets 5 | . . . . . . . . . . . 2 . 3 . . . . . Max Gunslinging Chain 1 | . . . . . . . . . . . 1 . 1 . . . . . Capacitor 33 | . . . . . . . . . . . . . . . . . 1 32 Shots Hit Robots 449 | 17 11 34 12 33 10 9 11 . 8 38 86 29 65 . 11 21 31 23 Core Hits 388 | 6 13 13 10 43 9 28 23 . 12 45 93 11 38 . 4 3 20 17 Critical Kills 1 | . . . . . . . . . . . . . . . . . . 1 Critical Parts Destroyed . | . . . . . . . . . . . . . . . . . . . Critical Strikes 14 | . . 1 1 2 . . . . . 1 3 3 . . 1 . . 2 Burn 9 | . . . 1 2 . . . . . . 3 3 . . . . . . Meltdown 1 | . . . . . . . . . . . . . . . . . . 1 Blast 1 | . . . . . . . . . . . . . . . 1 . . . Corrupt 1 | . . 1 . . . . . . . . . . . . . . . . Impale 2 | . . . . . . . . . . 1 . . . . . . . 1 Melee Attacks 25 | . . . . . 1 . . . . 6 . . . . . . 12 6 Impact . | . . . . . . . . . . . . . . . . . . . Slashing . | . . . . . . . . . . . . . . . . . . . Piercing 25 | . . . . . 1 . . . . 6 . . . . . . 12 6 Sneak Attacks 6 | . . . . . . . . . . 6 . . . . . . . . Combat Hostiles . | . . . . . . . . . . . . . . . . . . . Follow-up Attacks 1 | . . . . . . . . . . . . . . . . . . 1 Damage Inflicted 19941 | 141 700 371 280 1600 299 1039 813 . 718 1021 1790 607 2480 . 369 653 2752 4308 Guns 8109 | 141 72 371 137 708 252 64 75 . 68 629 1728 607 2026 . 301 602 328 . Cannons 3700 | . . . . . . . . . . . . . . . 68 51 1015 2566 Explosions 7666 | . 628 . 143 892 47 975 738 . 650 53 62 . 451 . . . 1409 1618 Melee 463 | . . . . . . . . . . 339 . . . . . . . 124 Ramming 3 | . . . . . . . . . . . . . 3 . . . . . Kinetic 1439 | 141 72 149 . . . . . . . . 557 . 452 . 68 . . . Thermal 12294 | . . . 137 708 252 64 75 . 68 508 1058 607 1574 . 301 602 2156 4184 Explosive 4577 | . 628 . 143 892 47 975 738 . 650 53 . . 451 . . . . . Electromagnetic 1165 | . . 222 . . . . . . . 121 175 . . . . 51 596 . Impact . | . . . . . . . . . . . . . . . . . . . Slashing . | . . . . . . . . . . . . . . . . . . . Piercing 463 | . . . . . . . . . . 339 . . . . . . . 124 Highest Corruption 48 | . 4 . . . . . . . . . . 48 4 . 2 1 2 20 Average Corruption 7 | . 4 . . . . . . . . . . 45 1 . 1 1 1 4 Corruption Purged . | . . . . . . . . . . . . . . . . . . . Corruption Blocked . | . . . . . . . . . . . . . . . . . . . Effects 44 | . . . . . . . . . . . . 19 5 . . 1 7 12 Message Errors 12 | . . . . . . . . . . . . 5 1 . . . 3 3 Matter Fused 8 | . . . . . . . . . . . . 4 1 . . 1 . 2 Heat Flow Errors 7 | . . . . . . . . . . . . 2 . . . . 2 3 Energy Discharges 5 | . . . . . . . . . . . . 1 1 . . . . 3 Data Loss (minor) 4 | . . . . . . . . . . . . 1 1 . . . 1 1 Data Loss (major) 1 | . . . . . . . . . . . . 1 . . . . . . Misfires 2 | . . . . . . . . . . . . 1 . . . . 1 . Alerts 3 | . . . . . . . . . . . . 2 1 . . . . . Weapon Failures 2 | . . . . . . . . . . . . 2 . . . . . . Overload Shots 30 | . . . . . . . . . . . . 3 11 . 6 9 1 . Effects 2 | . . . . . . . . . . . . . 2 . . . . . Energy Bleed 2 | . . . . . . . . . . . . . 2 . . . . . Overflow Damage 1458 | . 54 . 7 12 . 35 21 . 8 81 . . 12 . . 46 389 793 Projectiles 888 | . . . . . . . . . . . . . . . . 46 234 608 Explosions 450 | . 54 . 7 12 . 35 21 . 8 18 . . 12 . . . 155 128 Melee 120 | . . . . . . . . . . 63 . . . . . . . 57 Knockbacks . | . . . . . . . . . . . . . . . . . . . Impact . | . . . . . . . . . . . . . . . . . . . Kinetic . | . . . . . . . . . . . . . . . . . . . Secondary . | . . . . . . . . . . . . . . . . . . . Self-Inflicted Damage 380 | . 79 . 32 . . 9 24 . . . . . 58 . . . 124 54 Shots 14 | . 4 . 1 . . 1 3 . . . . . 1 . . . 2 2 Rammed 1 | . . . . . . . . . . . . . 1 . . . . . Targets Rammed 1 | . . . . . . . . . . . . . 1 . . . . . Kicked . | . . . . . . . . . . . . . . . . . . . Crushed . | . . . . . . . . . . . . . . . . . . . Highest Temperature 363 | 20 10 168 204 166 147 102 95 . 8 117 330 311 363 . 80 163 192 186 Average Temperature 80 | 15 3 51 83 54 58 43 49 . 5 48 103 77 113 . 30 69 104 92 Received Heat Transfer 2185 | . 48 159 6 90 36 105 66 . 162 150 210 43 330 . 382 9 63 326 Effects 3 | . . . . . . . . . . . 1 2 . . . . . . Energy Bleed 2 | . . . . . . . . . . . 1 1 . . . . . . Interference 1 | . . . . . . . . . . . . 1 . . . . . . Siege Activations 3 | . . . . . . . . . . . . 1 2 . . . . . Total Turns 24 | . . . . . . . . . . . . 2 22 . . . . . Longest Duration 13 | . . . . . . . . . . . . 2 13 . . . . . Martial Activations . | . . . . . . . . . . . . . . . . . . . Shielding Activations . | . . . . . . . . . . . . . . . . . . . Robots Disrupted . | . . . . . . . . . . . . . . . . . . . Combat Hostiles . | . . . . . . . . . . . . . . . . . . . Robots Corrupted 3 | . . . . . . . . . . . . . . . . . 3 . Combat Hostiles 3 | . . . . . . . . . . . . . . . . . 3 . Parts Fried 11 | . . 3 . . . . . . . . . . . . . 1 7 . Impact Corruptions . | . . . . . . . . . . . . . . . . . . . Robots Melted 3 | . . . . . . . . . . . . . . . . 2 . 1 Combat Hostiles 1 | . . . . . . . . . . . . . . . . . . 1 Parts Melted 19 | . . . . 3 1 . . . . . 1 3 2 . . 5 1 3 Heat Transferred 14454 | . . . 373 1629 511 124 148 . 137 420 1777 1653 1772 . 398 790 1769 2953 Parts Sabotaged . | . . . . . . . . . . . . . . . . . . . Parts Stolen . | . . . . . . . . . . . . . . . . . . . Parts Stripped . | . . . . . . . . . . . . . . . . . . . Power Chain Reactions . | . . . . . . . . . . . . . . . . . . . Alert | -11 -10 -9 -9 -8 -7 -7 -7 -7 -6 -6 -6 -6 -5 -4 -4 -3 -3 -2 ------- Run | Yrd Mat Mat Min Mat Fac Low Low Dat Pro Fac Ext Cet Fac Fac DSF Res Tes Res Maximum Alert Level 3 | . 1 . . 1 . . . . . . . 1 3 2 1 . 1 2 Low Security (%) 73 | 100 98 100 100 79 100 . . . . 100 100 86 2 . . 100 78 48 Level 1 10 | . 1 . . 20 . . . . . . . 13 18 . 100 . 21 16 Level 2 12 | . . . . . . . . . . . . . 50 100 . . . 34 Level 3 4 | . . . . . . . . . . . . . 28 . . . . . Level 4 . | . . . . . . . . . . . . . . . . . . . Level 5 . | . . . . . . . . . . . . . . . . . . . High Security . | . . . . . . . . . . . . . . . . . . . Max Security . | . . . . . . . . . . . . . . . . . . . Peak Influence 977 | 10 204 78 56 305 45 . . . . 116 194 246 977 471 340 154 266 587 Initial 471 | . . 68 . . 16 . . . . . 2 80 126 471 291 154 . 81 Average 159 | 1 95 26 5 60 6 . . . . 40 44 102 593 443 318 39 115 253 Influence Increases 6341 | 15 329 125 101 408 114 240 255 . 185 298 691 356 1770 6 74 69 435 870 Destroy 0b10 Robot/C 3100 | . 160 80 80 240 40 220 220 . 160 100 360 200 600 . 40 20 220 360 Destroy 0b10 Robot/NC 275 | 15 15 5 5 40 10 . 5 . . 55 40 10 35 . . 15 15 10 Destroy Leader 502 | . 34 40 10 38 24 20 30 . 10 26 52 10 112 . . 14 20 62 Allied During Kill 713 | . . . . . . . . . . 21 114 116 462 . . . . . Successful Hack 101 | . 11 . . . 29 . . . . 44 6 . 5 6 . . . . Disable Machine 360 | . 45 . . 30 . . . . . 30 30 . 165 . . . 45 15 Anti-Garrison Action 150 | . . . . . . . . . . . . . 150 . . . . . Destroy Structure 915 | . 64 . 6 45 11 . . . . 7 14 20 196 . 4 20 120 408 Partial Spotted 30 | . . . . . . . . . . 15 15 . . . . . . . Lose Combat Pursuer 195 | . . . . 15 . . . . 15 . 60 . 45 . 30 . 15 15 Influence Decreases 5991 | 15 165 289 101 372 150 200 149 146 185 291 555 273 1034 551 216 344 291 664 Entered New Map 1239 | . . 96 . . 20 . 8 146 . . 5 63 100 491 126 121 . 63 Time Decay 3010 | 15 145 193 81 87 93 190 131 . 98 241 289 180 474 60 . 161 271 301 Lost Part 667 | . 20 . 20 . . 10 10 . 87 10 10 30 70 . 90 . 20 290 Lost Ally 202 | . . . . . . . . . . 40 62 . 90 . . . . 10 Purge Threat 873 | . . . . 285 37 . . . . . 189 . 300 . . 62 . . Squads Dispatched 46 | . 1 2 1 3 2 . . . 1 5 2 1 13 . 1 5 1 8 Investigation 11 | . . . 1 1 1 . . . . . 2 1 3 . . 2 . . Extermination 8 | . . . . . 1 . . . . 1 . . 3 . . . 1 2 Reinforcement 14 | . 1 2 . 2 . . . . . 1 . . 3 . 1 3 . 1 Assault 7 | . . . . . . . . . 1 . . . 4 . . . . 2 Garrison 6 | . . . . . . . . . . 3 . . . . . . . 3 Intercept . | . . . . . . . . . . . . . . . . . . . Searches Triggered . | . . . . . . . . . . . . . . . . . . . Data Miner Redirects 3 | . . . . . . . . . . . . . 3 . . . . . Construction Impeded 1 | . . . . 1 . . . . . . . . . . . . . . Haulers Reinforced 3 | . . . . . . . . . . . . . . . . 2 . 1 Active Scanning Responses . | . . . . . . . . . . . . . . . . . . . Cargo Convoy Interrupts 1 | . . . . . . . . . . . . . . . . . . 1 Stealth | -11 -10 -9 -9 -8 -7 -7 -7 -7 -6 -6 -6 -6 -5 -4 -4 -3 -3 -2 --------- Run | Yrd Mat Mat Min Mat Fac Low Low Dat Pro Fac Ext Cet Fac Fac DSF Res Tes Res Distress Signals 12 | . 1 . . 1 . . . . . 1 . 2 . . . 5 1 1 Communications Jammed . | . . . . . . . . . . . . . . . . . . . Distress Signals . | . . . . . . . . . . . . . . . . . . . Times Spotted 247 | . 12 11 6 18 3 11 9 . 11 15 28 13 44 . 9 7 20 30 Peak Tracking Total 14 | . 3 5 3 8 1 3 4 . 6 4 7 5 14 . 5 2 5 8 Tactical Retreats 9 | . . . . 1 . . . . 1 . 2 . 1 . 2 . 1 1 Traps | -11 -10 -9 -9 -8 -7 -7 -7 -7 -6 -6 -6 -6 -5 -4 -4 -3 -3 -2 ------- Run | Yrd Mat Mat Min Mat Fac Low Low Dat Pro Fac Ext Cet Fac Fac DSF Res Tes Res Traps Triggered 8 | . . . . 1 1 . . . . . 1 . 2 . 2 1 . . Indirectly . | . . . . . . . . . . . . . . . . . . . Trap Hack Attempts . | . . . . . . . . . . . . . . . . . . . Triggered . | . . . . . . . . . . . . . . . . . . . Disarmed . | . . . . . . . . . . . . . . . . . . . Reprogrammed . | . . . . . . . . . . . . . . . . . . . Reused . | . . . . . . . . . . . . . . . . . . . Traps Extracted . | . . . . . . . . . . . . . . . . . . . Installed . | . . . . . . . . . . . . . . . . . . . Triggered . | . . . . . . . . . . . . . . . . . . . Machines | -11 -10 -9 -9 -8 -7 -7 -7 -7 -6 -6 -6 -6 -5 -4 -4 -3 -3 -2 ---------- Run | Yrd Mat Mat Min Mat Fac Low Low Dat Pro Fac Ext Cet Fac Fac DSF Res Tes Res Machines Disabled 29 | . 3 . . 2 . . . . 1 2 3 1 12 . . . 4 1 Max in Single Turn 2 | . 2 . . 1 . . . . 1 2 1 1 2 . . . 1 1 Garrison Access 3 | . . . . . . . . . . . . . 1 . . . 1 1 Energy Cycler 1 | . . . . . . . . . . . 1 . . . . . . . Machines Repaired . | . . . . . . . . . . . . . . . . . . . Machines Dismantled . | . . . . . . . . . . . . . . . . . . . Machines Sabotaged . | . . . . . . . . . . . . . . . . . . . Overloaded Fab Kills . | . . . . . . . . . . . . . . . . . . . Hacking | -11 -10 -9 -9 -8 -7 -7 -7 -7 -6 -6 -6 -6 -5 -4 -4 -3 -3 -2 --------- Run | Yrd Mat Mat Min Mat Fac Low Low Dat Pro Fac Ext Cet Fac Fac DSF Res Tes Res Machines Accessed 56 | . 2 . 1 1 6 . 2 4 . 6 10 2 7 2 . 5 4 4 Terminals 37 | . 2 . . 1 4 . 1 . . 4 9 2 3 1 . 5 3 2 Fabricators 5 | . . . . . 1 . . . . 1 . . 3 . . . . . Repair Stations 4 | . . . . . . . . . . . 1 . 1 1 . . . 1 Recycling Units . | . . . . . . . . . . . . . . . . . . . Scanalyzers 2 | . . . . . . . . . . 1 . . . . . . . 1 Garrison Access 2 | . . . . . 1 . . . . . . . . . . . 1 . Total Hacks 185 | . 4 . 1 4 18 . 2 30 . 27 40 4 18 7 . 10 10 10 Successful 98 | . 2 . 1 2 6 . 2 30 . 18 12 1 10 2 . 2 5 5 Failed 87 | . 2 . . 2 12 . . . . 9 28 3 8 5 . 8 5 5 Catastrophic 23 | . . . . . 4 . . . . 2 9 1 4 . . 3 . . Database Lockouts . | . . . . . . . . . . . . . . . . . . . Manual 60 | . 2 . . . 14 . . . . 6 22 3 4 . . 1 5 3 Terminals 112 | . 4 . . 4 15 . 1 . . 12 37 4 9 3 . 10 7 6 Fabricators 10 | . . . . . 2 . . . . 1 . . 7 . . . . . Repair Stations 11 | . . . . . . . . . . . 3 . 2 4 . . . 2 Recycling Units . | . . . . . . . . . . . . . . . . . . . Scanalyzers 16 | . . . . . . . . . . 14 . . . . . . . 2 Garrison Access 4 | . . . . . 1 . . . . . . . . . . . 3 . Terminal Hacks 66 | . 2 . 1 2 4 . 2 30 . 3 9 1 4 1 . 2 3 2 Record 13 | . . . . . . . 1 11 . . . 1 . . . . . . Part Schematic 11 | . . . . . . . . 11 . . . . . . . . . . Robot Schematic 5 | . . . . . . . . 5 . . . . . . . . . . Robot Analysis 6 | . 1 . . . 2 . . . . . 2 . 1 . . . . . Prototype ID Bank 5 | . . . . . . . . 3 . 2 . . . . . . . . Open Door 2 | . . . 1 . . . 1 . . . . . . . . . . . Open DSF 1 | . . . . . . . . . . . . . . 1 . . . . Level Access Points 2 | . . . . . . . . . . . . . . . . . 1 1 Branch Access Points 2 | . . . . . 1 . . . . . . . . . . 1 . . Terminal Index 1 | . . . . . . . . . . . . . . . . . 1 . Unreport Threat 9 | . . . . 2 1 . . . . . 3 . 2 . . 1 . . Recall Investigation 1 | . . . . . . . . . . . 1 . . . . . . . Registered Components 2 | . . . . . . . . . . . . . 1 . . . . 1 Zone Layout 5 | . 1 . . . . . . . . 1 3 . . . . . . . Protovariant Controls 1 | . . . . . . . . . . . . . . . . . 1 . Fabricator Hacks 6 | . . . . . . . . . . 1 . . 5 . . . . . Load Schematic 3 | . . . . . . . . . . . . . 3 . . . . . Build 3 | . . . . . . . . . . 1 . . 2 . . . . . Repair Station Hacks 6 | . . . . . . . . . . . 2 . 1 1 . . . 2 Scan Component 4 | . . . . . . . . . . . 1 . 1 1 . . . 1 Repair 2 | . . . . . . . . . . . 1 . . . . . . 1 Recycling Unit Hacks . | . . . . . . . . . . . . . . . . . . . Scanalyzer 13 | . . . . . . . . . . 13 . . . . . . . . Insert Component 4 | . . . . . . . . . . 4 . . . . . . . . Analyze 6 | . . . . . . . . . . 6 . . . . . . . . Retrieve Study 3 | . . . . . . . . . . 3 . . . . . . . . Garrison Access Hacks 1 | . . . . . . . . . . . . . . . . . 1 . Seal Access 1 | . . . . . . . . . . . . . . . . . 1 . Unauthorized Hacks 6 | . . . . . 2 . . . . 1 1 . . . . . 1 1 Terminals 6 | . . . . . 2 . . . . 1 1 . . . . . 1 1 Assimilate 1 | . . . . . . . . . . . . . . . . . . 1 Botnet 5 | . . . . . 2 . . . . 1 1 . . . . . 1 . Fabricators . | . . . . . . . . . . . . . . . . . . . Repair Stations . | . . . . . . . . . . . . . . . . . . . Recycling Units . | . . . . . . . . . . . . . . . . . . . Scanalyzers . | . . . . . . . . . . . . . . . . . . . Garrison Access . | . . . . . . . . . . . . . . . . . . . Data Cores Recovered 3 | . . . . . . . . . . . 2 . . . . 1 . . Used 2 | . . . . . . . . . . . 1 . . . . 1 . . Hacking Detections 46 | . 2 . . 1 6 . . . . 6 10 1 7 2 . 5 3 3 Full Trace Events 6 | . . . . 1 . . . . . . 2 1 2 . . . . . Feedback Events . | . . . . . . . . . . . . . . . . . . . Feedback Blocked . | . . . . . . . . . . . . . . . . . . . Robot Schematics Acquired 5 | . . . . . . . . 5 . . . . . . . . . . Robots Built 5 | . . . . . . . . . . 3 . . 2 . . . . . Authchips . | . . . . . . . . . . . . . . . . . . . Time 371 | . . . . . . . . . . 67 . . 304 . . . . . Total Robot Build Rating 22 | . . . . . . . . . . 12 . . 10 . . . . . Part Schematics Acquired 14 | . . . . . . . . 11 . 3 . . . . . . . . Parts Built . | . . . . . . . . . . . . . . . . . . . Authchips . | . . . . . . . . . . . . . . . . . . . Time . | . . . . . . . . . . . . . . . . . . . Total Part Build Rating . | . . . . . . . . . . . . . . . . . . . Part Studies Acquired 3 | . . . . . . . . . . 3 . . . . . . . . Parts Repaired 2 | . . . . . . . . . . . 1 . . . . . . 1 Time 88 | . . . . . . . . . . . 44 . . . . . . 44 Parts Recycled . | . . . . . . . . . . . . . . . . . . . Recycled Matter . | . . . . . . . . . . . . . . . . . . . Retrieved Matter . | . . . . . . . . . . . . . . . . . . . Retrieved Components . | . . . . . . . . . . . . . . . . . . . Parts Scanalyzed 4 | . . . . . . . . . . 4 . . . . . . . . Part Schematics Acquired 3 | . . . . . . . . . . 3 . . . . . . . . Parts Damaged . | . . . . . . . . . . . . . . . . . . . Bothacking | -11 -10 -9 -9 -8 -7 -7 -7 -7 -6 -6 -6 -6 -5 -4 -4 -3 -3 -2 ------------ Run | Yrd Mat Mat Min Mat Fac Low Low Dat Pro Fac Ext Cet Fac Fac DSF Res Tes Res Used RIF Installer . | . . . . . . . . . . . . . . . . . . . Robots Hacked 4 | . . . 2 . 1 . . . . . . 1 . . . . . . Non-combat 4 | . . . 2 . 1 . . . . . . 1 . . . . . . Combat . | . . . . . . . . . . . . . . . . . . . Robot Hacks Applied 4 | . . . 2 . 1 . . . . . . 1 . . . . . . parse_system 2 | . . . 1 . . . . . . . . 1 . . . . . . no_distress 2 | . . . 1 . 1 . . . . . . . . . . . . . Relay Couplers Released 4 | . . . . . . . . . . . . . 1 . . . . 3 Machine Destruction 4 | . . . . . . . . . . . . . 1 . . . . 3 Fabnet Peak Effective % . | . . . . . . . . . . . . . . . . . . . Robots Rewired 6 | . . . . . . . . . . 1 4 . 1 . . . . . Allies Hacked 1 | . . . . . . . . . . . . . 1 . . . . . Hacks Repelled 2 | . . . . . . . . . . 2 . . . . . . . . Allies | -11 -10 -9 -9 -8 -7 -7 -7 -7 -6 -6 -6 -6 -5 -4 -4 -3 -3 -2 -------- Run | Yrd Mat Mat Min Mat Fac Low Low Dat Pro Fac Ext Cet Fac Fac DSF Res Tes Res Total Allies 19 | . . . . . . . . . . 4 6 5 3 . . . . 1 Largest Group 6 | . . . . . . . . . . 3 6 6 6 . . . . 1 Highest-Rated Group 627 | . . . . . . . . . . 69 313 627 627 . . . . 10 Highest-Rated Ally 159 | . . . . . . . . . . 29 159 159 152 . . . . 10 Total Orders 2 | . . . . . . . . . . . 2 . . . . . . . STAY 1 | . . . . . . . . . . . 1 . . . . . . . FOLLOW 1 | . . . . . . . . . . . 1 . . . . . . . Ally Attacks 247 | . . . . . . . . . . 28 65 62 92 . . . . . Total Damage 7400 | . . . . . . . . . . 349 1535 1961 3555 . . . . . Kills 43 | . . . . . . . . . . 3 11 9 20 . . . . . Allies Corrupted 1 | . . . . . . . . . . 1 . . . . . . . . Allies Melted 2 | . . . . . . . . . . 1 . . . . . . . 1 Intel | -11 -10 -9 -9 -8 -7 -7 -7 -7 -6 -6 -6 -6 -5 -4 -4 -3 -3 -2 ------- Run | Yrd Mat Mat Min Mat Fac Low Low Dat Pro Fac Ext Cet Fac Fac DSF Res Tes Res Active Infowar (turns) 4659 | 25 342 . . . . . . . . 412 1079 362 611 135 227 610 71 785 Optics 778 | . . . . . . . . . . . . . . . . . . 778 Sensors 536 | . . . . . . . . . . . . . 174 135 227 . . . Terrain 3352 | . . . . . . . . . . 412 1079 362 437 . . 610 71 381 Seismic 367 | 25 342 . . . . . . . . . . . . . . . . . Robot Analysis Total 6 | . 1 . . . 2 . . . . . 2 . 1 . . . . . Derelict Logs Recovered 3 | . . . 1 . . . 2 . . . . . . . . . . . Drone Launches . | . . . . . . . . . . . . . . . . . . . Drone Recoveries . | . . . . . . . . . . . . . . . . . . . Exploration | -11 -10 -9 -9 -8 -7 -7 -7 -7 -6 -6 -6 -6 -5 -4 -4 -3 -3 -2 ------------- Run | Yrd Mat Mat Min Mat Fac Low Low Dat Pro Fac Ext Cet Fac Fac DSF Res Tes Res Turns Passed 10069 | 120 348 478 720 369 557 386 671 102 418 745 1079 379 1214 137 248 621 678 799 Spaces Moved 5413 | 51 151 139 273 206 416 308 534 89 322 446 552 163 549 68 92 358 284 412 Core 75 | 6 . . . . . . . . . . . . . . . . . 69 Treads 986 | . . 40 137 . . . . . . . . 120 549 68 72 . . . Legs 341 | 45 151 99 30 12 . . . . . . . . . . 4 . . . Wheels 4011 | . . . 106 194 416 308 534 89 322 446 552 43 . . 16 358 284 343 Hover . | . . . . . . . . . . . . . . . . . . . Flight . | . . . . . . . . . . . . . . . . . . . Fastest Speed 50 | 50 120 260 155 115 115 115 115 115 100 100 105 90 160 160 120 105 105 50 Average Speed 131 | 111 185 277 241 119 115 115 115 115 113 111 105 145 160 187 193 105 105 99 Slowest Speed 450 | 120 260 320 320 190 115 115 115 115 115 115 105 240 160 240 240 105 105 450 Overloaded Moves . | . . . . . . . . . . . . . . . . . . . Propulsion Burnouts . | . . . . . . . . . . . . . . . . . . . Robots Hopped . | . . . . . . . . . . . . . . . . . . . Potential Cave-ins 2 | . . . . . . . . . 2 . . . . . . . . . Cave-ins Triggered 1 | . 1 . . . . . . . . . . . . . . . . . Exploration Rate (%) 37 | 4 39 24 31 26 14 62 72 70 54 11 71 57 20 2 84 13 41 14 Regions Visited 18 Branch Regions 8 Pre-discovered Areas 1 | . . . . . . . . 1 . . . . . . . . . . Known Exits Taken 5 | . . . . 1 1 . . . . . . . . 1 . 1 1 . Unknown Exits Taken 12 | 1 1 1 1 . . 1 1 1 1 1 1 1 1 . . . . . Scrap Searched 6 | . . . . . . 2 3 . 1 . . . . . . . . . Spaces Dug 23 | . . . . . 1 . . . . . . 1 9 . . 7 4 1 Terrain Destroyed 677 | . 86 . 6 48 9 93 65 . 40 6 10 2 38 . 2 9 90 173 Melee 5 | . . . . . 1 . . . . . . . . . . . 4 . Projectile 46 | . . . . . . . . . . . . 2 16 . 2 9 4 13 AOE 626 | . 86 . 6 48 8 93 65 . 40 6 10 . 22 . . . 82 160 Terrain Rammed . | . . . . . . . . . . . . . . . . . . . Walls Destroyed . | . . . . . . . . . . . . . . . . . . . Machines Disabled . | . . . . . . . . . . . . . . . . . . . Actions | -11 -10 -9 -9 -8 -7 -7 -7 -7 -6 -6 -6 -6 -5 -4 -4 -3 -3 -2 --------- Run | Yrd Mat Mat Min Mat Fac Low Low Dat Pro Fac Ext Cet Fac Fac DSF Res Tes Res Total 7720 | 87 189 186 320 278 477 323 567 88 362 635 972 263 792 80 146 576 606 773 Wait 1453 | . 2 17 7 20 31 . 5 . 24 121 309 41 165 1 15 152 254 289 Move 5395 | 50 150 138 272 205 415 307 533 88 321 445 551 162 548 67 91 357 283 412 Hop . | . . . . . . . . . . . . . . . . . . . Pick Up 99 | 1 4 . 11 8 6 . 3 . 1 14 5 3 7 2 9 15 5 5 Fast Attach 53 | 6 1 3 4 3 . . 1 . . 4 1 7 1 . 7 2 5 8 Attach 64 | . . 1 1 1 2 1 1 . 5 9 2 1 4 8 6 7 3 12 Detach 5 | . . . . . . . . . 1 2 . 1 . 1 . . . . Swap 61 | 1 1 2 8 6 7 . 1 . . 2 8 1 9 . 1 7 5 2 Drop 86 | 1 . . 7 8 6 . 4 . . 2 9 8 4 1 3 14 13 6 Fire 418 | 28 31 25 10 27 9 15 19 . 10 26 38 39 50 . 9 22 26 34 Melee 24 | . . . . . 1 . . . . 6 . . . . . . 12 5 Ram . | . . . . . . . . . . . . . . . . . . . Kick . | . . . . . . . . . . . . . . . . . . . Crush 1 | . . . . . . . . . . . . . 1 . . . . . Escape Stasis 13 | . . . . . . . . . . . 8 . . . 5 . . . Rewire 48 | . . . . . . . . . . 4 41 . 3 . . . . . Trap . | . . . . . . . . . . . . . . . . . . . Miscellaneous . | . . . . . . . . . . . . . . . . . . . Route ------- -11/Scrapyard -10/Materials -9/Materials -9/Mines -8/Materials -7/Factory (discovered 3 exits: Sto / *Low x2) -7/Lower Caves -7/Lower Caves -7/Data Miner -6/Proximity Caves -6/Factory -6/Extension (discovered 3 exits: *Fac x2 / *Cet) -6/Cetus (discovered 2 exits: *Fac / [*Arc]) -5/Factory -4/Factory -4/DSF -3/Research (discovered 3 exits: Arm / *Tes x2) -3/Testing -2/Research (discovered 3 exits: Acc x3) History --------- Turn | Location | Event 3 | -11/Scrapyard | Discovered new exit (range 15) 121 | -11/Scrapyard | Entered Materials 306 | -10/Materials | Build established: Mutant 413 | -10/Materials | Discovered new exit (range 6) 463 | -10/Materials | Crushed by falling debris 463 | -10/Materials | Core integrity fell below 50% 469 | -10/Materials | Entered another Materials area 469 | -9/Materials | Evolved 2 slots: Propulsion x1, Utility x1 922 | -9/Materials | Discovered new exit (range 9) 947 | -9/Materials | Entered Mines 955 | -9/Mines | Discovered new exit (range 14) 1051 | -9/Mines | YI-UF0 nonchalantly dropped a Grenade Launcher on the ground 1315 | -9/Mines | Met a Derelict shopkeep closing up shop 1540 | -9/Mines | Destroyed YI-UF0 1554 | -9/Mines | Found Prototype Launcher 1642 | -9/Mines | Identified YI-UF0's Doublenader 1667 | -9/Mines | Entered Materials 1667 | -8/Materials | Evolved 2 slots: Propulsion x1, Utility x1 1668 | -8/Materials | Identified exit to Factory 1716 | -8/Materials | Build established: Scavenger-Mutant 2036 | -8/Materials | Entered Factory 2036 | -7/Factory | Evolved 2 slots: Power x1, Utility x1 2058 | -7/Factory | Build established: Mutant 2508 | -7/Factory | Identified exit to Storage 2508 | -7/Factory | Identified exit to Lower Caves 2593 | -7/Factory | Entered Lower Caves 2817 | -7/Lower Caves | Encountered a Warlord checkpoint 2831 | -7/Lower Caves | Attracted the attention of an 0b10 checkpoint 2971 | -7/Lower Caves | Discovered new exit (range 5) 2979 | -7/Lower Caves | Entered another Lower Caves area 3151 | -7/Lower Caves | Learned Factory security intel 3409 | -7/Lower Caves | Learned 4 Factory zone layouts 3586 | -7/Lower Caves | Attracted the attention of an 0b10 checkpoint 3632 | -7/Lower Caves | Discovered new exit (range 10) 3650 | -7/Lower Caves | Entered Data Miner 3650 | -7/Data Miner | Discovered new exit (range 6) 3672 | -7/Data Miner | Met Data Miner 3696 | -7/Data Miner | Learned location of Section 7 (-2) 3696 | -7/Data Miner | Acquired the access code to Warlord's prototype stash 3719 | -7/Data Miner | Received God Mode back door access code from Data Miner 3752 | -7/Data Miner | Entered Proximity Caves 3855 | -6/Proximity Caves | Spotted B-75 Beast 3926 | -6/Proximity Caves | Lost 3 parts (2u1w) 3938 | -6/Proximity Caves | Attracted the attention of an 0b10 outpost 3971 | -6/Proximity Caves | Destroyed 8 combat bots 4000 | -6/Proximity Caves | Lost 7 parts (2p2n1u2w) 4158 | -6/Proximity Caves | Attracted the attention of an 0b10 checkpoint 4166 | -6/Proximity Caves | Discovered new exit (range 5) 4170 | -6/Proximity Caves | Entered Factory 4170 | -6/Factory | Evolved 2 slots: Utility x1, Weapon x1 4323 | -6/Factory | Fabricated B-48 Gladiator (x3) 4604 | -6/Factory | Garrison activated, responded to threat 4817 | -6/Factory | Discovered new exit (range 11) 4915 | -6/Factory | Entered Extension 5137 | -6/Extension | Build established: Hacker-Skirmisher 5164 | -6/Extension | Rescued a captive Derelict 5231 | -6/Extension | Rescued a captive Derelict 5311 | -6/Extension | Rescued A7 5349 | -6/Extension | Spotted B-75 Beast 5407 | -6/Extension | Allies destroyed B-75 Beast 5410 | -6/Extension | Spotted B-75 Beast 5426 | -6/Extension | Allies destroyed B-75 Beast 5441 | -6/Extension | Discovered new exit (range 16) 5541 | -6/Extension | Repaired Arm. Huge Wheel+ 5563 | -6/Extension | Energy Cycler disabled 5563 | -6/Extension | Rescued a captive Derelict 5951 | -6/Extension | Discovered new exit (range 15) 5985 | -6/Extension | Discovered new exit (range 10) 5994 | -6/Extension | Entered Cetus 5994 | -6/Cetus | Accompanied by 1 ally (A7) 5999 | -6/Cetus | Acquired a Cetus Manufacturing Module code from A7 6016 | -6/Cetus | Spotted Cetus Guard 6016 | -6/Cetus | Spotted Cetus Guard 6020 | -6/Cetus | Spotted Cetus Guard 6020 | -6/Cetus | Spotted Cetus Guard 6028 | -6/Cetus | Allies destroyed Cetus Guard 6043 | -6/Cetus | Allies destroyed Cetus Guard 6058 | -6/Cetus | Allies destroyed Cetus Guard 6061 | -6/Cetus | Destroyed Cetus Guard 6091 | -6/Cetus | Lost 3 parts (2p1w) 6097 | -6/Cetus | System corruption reached 10% 6115 | -6/Cetus | System corruption reached 30% 6180 | -6/Cetus | Started Cetus Manufacturing Module 6205 | -6/Cetus | Manufactured an Enhanced Grunt 6215 | -6/Cetus | Found a strange terminal 6230 | -6/Cetus | Manufactured an Enhanced Grunt 6245 | -6/Cetus | Discovered new exit (range 15) 6255 | -6/Cetus | Manufactured an Enhanced Grunt 6280 | -6/Cetus | Manufactured an Enhanced Grunt 6300 | -6/Cetus | Spotted Cetus Guard 6301 | -6/Cetus | Spotted Cetus Guard 6303 | -6/Cetus | Spotted Cetus Guard 6304 | -6/Cetus | Spotted Cetus Guard 6305 | -6/Cetus | Manufactured an Enhanced Grunt 6312 | -6/Cetus | Allies destroyed Cetus Guard 6316 | -6/Cetus | Destroyed Cetus Guard 6321 | -6/Cetus | Allies destroyed Cetus Guard 6321 | -6/Cetus | Destroyed Cetus Guard 6338 | -6/Cetus | Discovered new exit (range 15) 6349 | -6/Cetus | Met Revision 17 6373 | -6/Cetus | Entered Factory 6373 | -5/Factory | Accompanied by 6 allies (A7) 6373 | -5/Factory | Evolved 2 slots: Utility x2 6671 | -5/Factory | Build established: Scavenger-Tank 6848 | -5/Factory | Incoming investigation squad redirected 7110 | -5/Factory | Incoming investigation squad redirected 7277 | -5/Factory | Incoming investigation squad redirected 7405 | -5/Factory | Fabricated X-67 Chaingunner? 7573 | -5/Factory | First assault squad dispatched 7576 | -5/Factory | Discovered new exit (range 8) 7587 | -5/Factory | Entered another Factory area 7587 | -4/Factory | Evolved 2 slots: Utility x2 7616 | -4/Factory | Lost 5 parts (2p3w) 7724 | -4/Factory | Identified exit to DSF 7724 | -4/Factory | Entered DSF 7748 | -4/DSF | Additional patrols routed to DSF 7958 | -4/DSF | Discovered new exit (range 12) 7972 | -4/DSF | Entered Research 7972 | -3/Research | Evolved 2 slots: Utility x2 7983 | -3/Research | Lost 9 parts (1p3n5u) 8042 | -3/Research | Build established: Scavenger-Mutant 8172 | -3/Research | Revision forces began assault on 0b10 8219 | -3/Research | Met up with Revision 17++ 8507 | -3/Research | Discovered new exit (range 11) 8508 | -3/Research | Identified exit to Armory 8508 | -3/Research | Identified exit to Testing 8593 | -3/Research | Entered Testing 8611 | -3/Testing | Build established: Hacker-Gunner 8619 | -3/Testing | Found Prototype Energy Gun 8619 | -3/Testing | Identified Tachyon Dispersion Ray 8642 | -3/Testing | Watched by a mysterious "MATRIX" hacker 8835 | -3/Testing | Found Prototype Energy Cannon 8835 | -3/Testing | Identified Imp. Potential Cannon 8838 | -3/Testing | Found Prototype Energy Cannon 8887 | -3/Testing | Found Prototype Hackware 8955 | -3/Testing | Found Quantum Capacitor 9177 | -3/Testing | Identified exit to Research 9188 | -3/Testing | Build established: Hacker-Mutant 9271 | -3/Testing | Entered Research 9271 | -2/Research | Evolved 2 slots: Power x1, Utility x1 9272 | -2/Research | Identified Potential Cannon 9551 | -2/Research | Garrison activated, responded to threat 9564 | -2/Research | Build established: Hacker-Assassin 9727 | -2/Research | Repaired Arm. Huge Wheel+ 9755 | -2/Research | Identified exit to Access 9895 | -2/Research | Spotted B-90 Cyclops 9992 | -2/Research | System corruption reached 10% 10005 | -2/Research | Identified System Mapper 10037 | -2/Research | Cargo convoy interrupted 10044 | -2/Research | Lost 21 parts (6p4n7u4w) 10052 | -2/Research | Core integrity fell below 50% 10065 | -2/Research | Core integrity fell below 20% 10070 | -2/Research | Destroyed by H-88 Terminator with KE Penetrator Last Messages --------------- Master. 10056_ P-80 Master suffers critical hit (Impale). 10056_ Destroyed Gamma Rifle. 10056_ P-80 Master destroyed. 10058_ Slug penetrates Door. 10058_ Slug penetrates Wall. 10058_ Enh. Force Lance destroyed. 10061_ Slug penetrates Wall. 10062_ Wall collapses. 10062_ Enh. Optical Array destroyed. 10063_ Dropped Enh. Force Lance. 10064_ Slug penetrates Wall. 10064_ Slug penetrates P-80 Master. 10064_ Penetrated by Slug. 10068_ P-80 Master resets H-88 Terminator, system corruption cleaned. 10068_ Slug penetrates Wall. 10070_ System corrupted: Energy discharge (-29). 10070_ Slug penetrates Wall. Map ----- +----------------------------------------------------+ | | | | | | | | | | | | | | | | | | | | | | | | | | | | | ################?#####################???????????? | | #?# = #####? """T""" #???????????? | | ### ###### """ """ #???????????? | | ### """ ###### """ #???????????? | | ### """ #?#### """ #???????????? | | ### """ ####?# """ #???????????? | | # ###### #???????????? | | # #?#### #???????????? | | ###+######################+#########???????????? | | ########????????? | | # /// ]#????????? | | @ # / #????????? | | # #????????? | | ############ ########### #/ #????????? | | ############ # """"" #hh p!/ ! #????????? | | ### # # ""T"" / pp= #????????? | | ### + + ######+##+#####????????? | | ### # # #??? #????????????? | | ### [ # # #??# #????????????? | | ### # # #??# #????????????? | | ### ! # # #??# #????????????? | | ##" # # #??# #????????????? | | ##" !# ###########??# #????????????? | | ##" # ###### ??????########????????????? | | ###" # ##?##? #?????????????????????????? | | ### [ # ###### #?????????????????????????? | | #### # #?#### ??????????????????????????? | | #### # ###########??????????????????????? | | #### # # # #??????????????????????? | | ####### #### # #??????????????????????# | | # ""G"" #????????????????????#?# | | # " " #??????????????????????? | | % # " " #?????????????????#????? | | % # #??????????????????????? | | ############ # #?????????????#????????? | | ### # # #??????????????????????? | +----------------------------------------------------+ Best States ------------- Heat Dissipation 93 Coolant Potential 360 Energy Generation 47 Energy Capacity 2370 Matter Stores 300 Matter Capacity 300 Sight Range 22 Robot Scan Range 16 Terrain Scan Range 16 Terrain Scan Density 210 Base Temperature (-) 200 Armor Coverage 600 Resistance: TH 25 Weapon Shielding 66 Point Defense Rating 80 Evasion (%) 55 Armor Integrity Analysis 30 Recoil Reduction 4 Particle Charging 20 Offensive Hacking 34 Defensive Hacking 24 Item Schematics ----------------- Combat Drone Bay | -7/Data Miner | Free Lgt. Regenerative Plating | -7/Data Miner | Free Cld. Aerolev Unit | -7/Data Miner | Free Exp. Targeting Computer | -7/Data Miner | Free Imp. Heavy Laser | -7/Data Miner | Free Gyrokinetic Inverter | -7/Data Miner | Free Mni. Drone Bay | -7/Data Miner | Free Imp. Remote Datajack | -7/Data Miner | Free Adv. Sensor Array | -7/Data Miner | Free Mic. Fission Core | -7/Data Miner | Free Adv. Datajack | -7/Data Miner | Free Arm. Huge Wheel | -6/Factory | Scanalyzed Imp. Airjet | -6/Factory | Scanalyzed Energy Filter | -6/Factory | Scanalyzed Robot Schematics ------------------ M-28 Smith | -7/Data Miner | Free X-67 Chaingunner | -7/Data Miner | Free G-47 Trooper | -7/Data Miner | Free B-48 Gladiator | -7/Data Miner | Free Y-54 Guardian | -7/Data Miner | Free Fabricated ------------ B-48 Gladiator | x3 | -6/Factory | Preloaded X-67 Chaingunner | x2 | -5/Factory Repaired ---------- Arm. Huge Wheel | 45% | -6/Extension Arm. Huge Wheel | 24% | -2/Research Studied --------- Arm. Huge Wheel | -6/Factory | Hacked Fission Core | -6/Factory | Hacked Lgt. Nuclear Core | -6/Factory | Hacked Alien Tech Used ----------------- None Achievements -------------- Max Potential Challenges ------------ None Game ------ Seed ShiftCobblerAutocannon Manual? 0 Play Time 01:49:46 Cumulative 291.7 hours Start 2026.08.28 @ 18:44:20 End 2026.08.29 @ 13:17:41 Sessions 7 Manual Loads 0 Difficulty Rogue Special Mode None Game No. 369 Rogue 369 Adventurer 0 Explorer 0 Win Type - Total 8 Types 7/0/0/1/0/0/0/0/0/0 Lore% 80 Gallery% 68 Achievement% 56 Wizard Run 0 Options --------- Layout 2 ASCII 0 Keyboard 0 Movement Mouse Keybinds 0 Fullscreen 1 Font 24/Smallcaps Map View 50x44 Zoom Use 0% Tactical HUD 1 Map Filters NONE Filters NONE Steam 1 RUN: 5aca6e93-07a4-4c1c-a79f-e0f2b4b67344